Zazza, neutral female human Tourist # ----------+-- |...........| ------------ ------- |............#### |........(..# |..)..| ----- |.........{.| # |....%.o...|# |.....| |...| #+......<....| ### |.....@f...|# |.....-#######....| #-----.------- # #-.......d..|# ----.-- |...| ### ###### ### #------+-|---# ## ---+- # # # # ### # # # # ### ### ### # # ### # # # ####### # # ------# ## ### --|----- # ### |.{...# -------+------ # |......| # # |....| |............| ##+......| ## ######### |....| |........../..######|......| #---.-------+-- |....| |............| #####.......| #|........<...| ---- |....| |>...........| # |......| #|............| |..| ------ |.............## -------- #-............| |..| -------------- |............| ---- -------------- Zazza the Rambler Experience level: 2 Strength: 14 Dexterity: 9 Constitution: 12 Intelligence: 13 Wisdom: 11 Charisma: 18 Health: 0(25) Energy: 7(7) Def: 1 Gold: 0 Moves: 4224 Dungeon seed: OPPGkEdkSw4PaKMX Game ID: Zazza_1598893623 Your Inventory: Weapons a - 29 +2 darts (in quiver) H - 2 +0 elven daggers (wielded) Armor e - an uncursed +0 Hawaiian shirt (being worn) r - an uncursed +0 orcish helm (being worn) Comestibles U - an uncursed pancake Potions I - a cursed potion of extra healing Rings y - an uncursed ring of warning (on left hand) Wands g - a wand of magic missile (0:1) j - a cursed wand of teleportation (0:0) Z - a wand of striking (0:8) Tools o - an expensive camera (0:87) p - an uncursed credit card O - a cursed tallow candle (0:200) Spells and supernatural/magical abilities: Name Level Category Fail Memory T - turn undead 6 clerical 100% 98% W - pray for help -- divine ? -- Your skills at the end: Fighting Skills Weapon Skills dart [Basic] Spellcasting Skills Final Attributes: You were haltingly aligned. You were telepathic. You were warned. You were lucky. You are dead. Vanquished creatures: a ghost a fog cloud 2 shriekers a gnome lord a gray ooze a baby crocodile 2 floating eyes a dwarf a kobold lord 9 hill orcs 2 rothes a dwarf zombie a wererat an iguana a coyote 2 hobbits 9 manes 2 large kobolds 3 hobgoblins 6 giant rats 6 gnomes a gnome zombie 4 geckos 17 jackals 2 foxes 2 goblins 4 sewer rats a grid bug 4 lichens 4 newts 93 creatures vanquished. Voluntary challenges: You used a wielded weapon 7 times, starting on turn 1223. You read items or engraved 59 times, starting on turn 708. You never genocided any monsters. You never polymorphed an object. You never changed form. You used no wishes. You never split a pudding. You wrote Elbereth's name 4 times, starting on turn 3170. You never violated your personal moral code. Dungeon overview: The Dungeons of Doom: levels 1 to 8 Level 1 an altar to The Lady, a fountain, a sink a long staircase Level 2 a fountain Level 3 an altar to The Lady, a fountain Level 4 stairs to The Gnomish Mines Level 5 Level 6 a fountain Level 7 many fountains Level 8 <- You were here some fountains a long staircase The Gnomish Mines: Level 5 stairs to The Dungeons of Doom History has recorded: On T:1 you entered the Dungeons of Doom to retrieve the Amulet of Yendor! On T:399 you reached level 2 of The Dungeons of Doom. On T:750 you reached level 3 of The Dungeons of Doom. On T:1194 you reached level 4 of The Dungeons of Doom. On T:1652 you reached level 1 of The Gnomish Mines. On T:1977 you reached level 5 of The Dungeons of Doom. On T:2227 you reached level 6 of The Dungeons of Doom. On T:2519 you reached level 7 of The Dungeons of Doom. On T:3554 you reached level 8 of The Dungeons of Doom. On T:3913 you advanced to experience level 2. Score breakdown: Gold: 0 ( 0 points) Experience: 2 levels ( 5570 points) Exploration: 8 levels ( 17.78%) (11965 points) Discoveries: 4 items ( 1.34%) ( 3475 points) Valuables value: (no points given unless you survive) Artifact value: 0 ( 0 points) Variety of kills: 30 monsters ( 7.87%) ( 8418 points) Turncount: 4224 turns (-1105 points) Survival: died (score multiplied by 80%) Total score: 22658 Latest messages: You hear some noises in the distance. You hear some noises. You hear some noises in the distance. You write in the dust with your fingers. Something is written here in the dust. You read: "Elbereth". You see no objects here. The hill orc swings his curved sword. The hill orc hits! You write in the dust with your fingers. Something is written here in the dust. You read: "Elbereth". You see no objects here. The hill orc turns to flee! You write in the dust with your fingers. The hill orc swings his curved sword. The hill orc hits! You die... Final status: Aloha Zazza the Tourist, killed by a hill orc... You died in The Dungeons of Doom on dungeon level 8 with 22658 points, and 0 pieces of gold, after 4224 moves. You were level 2 with a maximum of 25 hit points when you died.